 Dungeon Crawl Stone Soup version 0.31-a0-1206-g41278d8d1d (webtiles) character file.

Game seed: 7901897703683835754

161 ytrimaz the Chopper (level 5, -20/41 HPs)
             Began as a Formicid Fighter on Dec 13, 2023.
             Demolished by an ogre
             ... wielding a +0 giant spiked club
              (30 damage)
             ... on level 4 of the Dungeon.
             The game lasted 00:02:32 (2528 turns).

ytrimaz the Chopper (Formicid Fighter)              Turns: 2528, Time: 00:02:33

Health: -20/41     AC:  6    Str: 21    XL:     5   Next: 70%
Magic:  5/5        EV:  9    Int:  7    God:
Gold:   128        SH:  5    Dex: 15    Spells: 4/4 levels left

rFire   . . .        a - +0 war axe
rCold   + . .        c - +0 buckler
rNeg    . . .        b - +0 scale mail
rPois   .            (helmet unavailable)
rElec   .            (no cloak)
rCorr   .            (no gloves)
SInv    +            (no boots)
Will    .....        (no amulet) Stlth
                     e - ring of flight
HPRegen 0.26/turn    j - ring of protection from cold
MPRegen 0.09/turn

%: no passive effects
@: mighty, flying
A: permanent stasis, dig shafts and tunnels, antennae 3, four strong arms
a: Dig, Shaft Self


You were on level 4 of the Dungeon.
You visited 1 branch of the dungeon, and saw 4 of its levels.

You collected 128 gold pieces.


Innate Abilities, Weirdness & Mutations

You cannot be hasted, slowed, berserked, paralysed or teleported.
You can dig through walls and to a lower floor.
You have a pair of large antennae on your head. (SInv)
Your four strong arms can wield two-handed weapons with a shield.


   Skills:
 - Level 3.2 Fighting
 + Level 5.4 Axes
 - Level 3.2 Armour
 - Level 4.0 Shields


You had 4 spell levels left.
You didn't know any spells.
Your spell library contained the following spells:

 Spells                   Type           Power      Damage    Failure   Level
 Apportation              Tloc           0%         N/A       83%         1
 Necrotise                Necr           0%         1d4       83%         1
 Summon Small Mammal      Summ           0%         N/A       83%         1
 Lesser Beckoning         Tloc           0%         N/A       93%         2
 Momentum Strike          Conj/Tloc      0%         3d8       93%         2
 Simulacrum               Ice/Necr       0%         N/A       100%        6
 Ozocubu's Refrigeration  Ice            0%         4d7       100%        7
 Polar Vortex             Ice            0%         N/A       100%        9
 Blink                    Tloc           Unusable   N/A       N/A         2

Inventory:

Hand Weapons
 a - a +0 war axe (weapon)
Armour
 b - a +0 scale mail (worn)
 c - a +0 buckler (worn)
Jewellery
 e - a ring of flight (left hand)
   (You found it on level 1 of the Dungeon)
 j - a ring of protection from cold (right hand)
   (You found it on level 3 of the Dungeon)
Scrolls
 m - a scroll of poison
 n - a scroll of immolation
 o - a scroll of vulnerability
 r - a scroll of enchant weapon {unknown}
Potions
 d - a potion of might
 f - a potion of ambrosia {unknown}
 g - 3 potions of curing
 h - a potion of enlightenment {unknown}
 i - a potion of invisibility {unknown}
 k - a potion of degeneration {unknown}
 l - a potion of lignification
 p - a potion of mutation {unknown}
 q - a potion of haste {unknown}

Dungeon Overview and Level Annotations

Branches:
Dungeon (4/15) Zot: 21420
 Temple: D:4-7

Altars:
Dithmenos
Makhleb
Nemelex Xobeh
Ru

Annotations:
D:4 Ijyb

#.#............#..#
#................##
...#...................#
......#.......####...#..
.......####....### ...#
........###.....%... ..#
>........##..#....###
..# ###.#..##....... ..
#...O@.........# ...
#..............#..
###.g.............
.................
###........##..#
..........# ..#
............ #.
...#####.....


You could see an ogre and Ijyb.


Message History

Found 3 stones.
Found a shadowy altar of Dithmenos and a sparkling altar of Nemelex Xobeh.
The jackal barely misses you.
You hit the jackal.
The jackal bites you but does no damage.
The jackal barely misses you.
A jackal is nearby!
You hit the jackal.
You kill the jackal! 😕 HP[+1] Unknown command.
Key pressed, stopping explore.
No target in view! 😎 HP[+2]
Your hp is fully restored (41).
No target in view!
Key pressed, stopping explore.
You see here 5 stones.
Things that are here:
a +0 short sword; 2 poisoned darts Key pressed, stopping explore.
You see here a +0 hand axe.
You sense a monster nearby.
Found a sacrificial altar of Ru.
An endoplasm comes into view.
The endoplasm quivers.
An endoplasm is nearby!
The endoplasm freezes you.
You are frozen.
You resist. 😕 HP[-2]
You take 2 damage, and now have 39/41 hp.
An endoplasm is nearby!
An endoplasm is nearby!
You hit the endoplasm.
You kill the endoplasm! 😕 HP[+1] Unknown command.
No target in view!
No target in view!
Key pressed, stopping explore.
You see here a bat skeleton.
Key pressed, stopping explore.
Done exploring. 😎 HP[+1]
Your hp is fully restored (41).
There is a stone staircase leading down here.
You fly downwards.
There is a stone staircase leading up here.
Found a stone staircase leading down.
A kobold comes into view. It is wielding a +0 short sword.
The kobold shouts!
The kobold throws a stone.
You block the stone.
A kobold is nearby!
A kobold is nearby!
You slash the kobold!
You kill the kobold!
No target in view!
You see here a +0 dagger.
p - a bubbling inky potion
Things that are here:
a +0 short sword; 2 stones; a kobold corpse
r - a scroll labelled WECHYS XUWKUG You now have 128 gold pieces (gained 12).
A ball python comes into view.
The ball python hisses angrily.
A ball python is nearby!
A ball python is nearby!
A ball python is nearby!
You hit the ball python.
You kill the ball python!
No target in view!
You see here a ball python corpse.
No target in view!
You sense a monster nearby.
An ogre comes into view. It is wielding a +0 giant spiked club.
The ogre shouts!
Ijyb the Twisted Goblin comes into view.
She is wielding a +0 dagger and carrying a wand of acid.
You feel very mighty all of a sudden.
Ijyb shouts!
The ogre hits you with a +0 giant spiked club!!
Ouch! That really hurt!
* * * LOW HITPOINT WARNING * * *
😨 HP[-21]
You take 21 damage, and now have 20/41 hp.
MASSIVE DAMAGE!! (PAUSE)
You barely miss the ogre.
The ogre hits you with a +0 giant spiked club!
* * * LOW HITPOINT WARNING * * *
😱 HP[-11]
You take 11 damage, and now have 9/41 hp.
MASSIVE DAMAGE!! (PAUSE)
You slash the ogre!
Ijyb zaps a wand.
The bolt of acid misses you. The ogre completely misses you.
You slash the ogre! 😱 HP[+1]
You barely miss the ogre.
The ogre hits you with a +0 giant spiked club!!
Ouch! That really hurt!
You die...

Skill      XL: |  1  2  3  4 |
---------------+-------------+-----
Axes           | 3 4 5 |  5.4
Fighting       | |  3.2
Armour         | |  3.2
Shields        | |  4.0

Action                     |  1- 3 |  4- 6 || total
---------------------------+-------+-------++-------
  Melee: War axe           |    69 |    91 ||   160
    Use: Scroll            |       |     8 ||     8
         Potion            |       |     1 ||     1
 Armour: Scale mail        |    44 |    59 ||   103
  Dodge: Dodged            |    34 |    47 ||    81
  Block: Buckler           |    20 |    24 ||    44

Levels and vault maps discovered:
D:1:      lemuel_arrival_rhombus, layout_loops_ring
D:2:      layout_basic
D:3:      layout_loops_cross, amethyst_overflow_temple_binary,
          mainiacjoe_overflow_alcove_1, makhleb_altar_promises_db,
          hellmonk_ecumenical_altar_dog_temple
D:4:      layout_rooms, gammafunk_ghost_smash, hangedman_decor_growths,
          uniq_ijyb

Notes
Turn   | Place    | Note
-------+----------+-------------------------------------------
     0 | D:1      | ytrimaz the Formicid Fighter began the quest for the Orb.
     0 | D:1      | Reached XP level 1. HP: 18/18 MP: 1/1
     0 | D:1      | magus.rc [v1.9.6]
    59 | D:1      | You pick up a book of Ice and begin reading...
    59 | D:1      | You add the spells Simulacrum, Ozocubu's Refrigeration and
                  | Polar Vortex to your library.
   108 | D:1      | Reached XP level 2. HP: 24/24 MP: 2/2
   160 | D:1      | Reached skill level 3 in Axes
   256 | D:1      | Reached XP level 3. HP: 29/29 MP: 3/3
   291 | D:1      | You pick up a book of Cantrips and begin reading...
   291 | D:1      | You add the spells Necrotise, Summon Small Mammal and
                  | Apportation to your library.
   566 | D:1      | You pick up a book of Spatial Translocations and begin
                  | reading...
   566 | D:1      | You add the spells Momentum Strike and Lesser Beckoning to
                  | your library.
   959 | D:2      | Reached skill level 4 in Axes
   959 | D:2      | Reached XP level 4. HP: 34/35 MP: 4/4
  1680 | D:3      | Reached skill level 5 in Axes
  1680 | D:3      | Reached XP level 5. HP: 34/41 MP: 5/5
  1868 | D:3      | Found a faded altar of an unknown god.
  2062 | D:3      | Found a burning altar of Makhleb.
  2206 | D:3      | Found a shadowy altar of Dithmenos.
  2206 | D:3      | Found a sparkling altar of Nemelex Xobeh.
  2312 | D:3      | Found a sacrificial altar of Ru.
  2521 | D:4      | Noticed an ogre
  2523 | D:4      | Noticed Ijyb
  2525 | D:4      | HP: 9/41 [ogre/+0 giant spiked club (11)]
  2528 | D:4      | Demolished by an ogre

Vanquished Creatures
  An orc priest (D:3)
  4 adders
  A dart slug (D:1)
  2 worms (D:3)
  7 orcs (D:3)
  7 endoplasms
  A giant cockroach (D:1)
  6 goblins
  10 hobgoblins
  7 jackals (D:3)
  6 kobolds
  11 ball pythons
  5 bats
  3 frilled lizards
  5 rats
76 creatures vanquished.

Table legend:
 A = Non-vault XP
 B = Vault XP
 C = Vault XP percentage of total XP
 D = Non-vault monster count
 E = Vault monster count
 F = Vault count percentage of total count
                 A         B        C        D         E       F
            +---------+---------+-------+---------+---------+-------
      Total |     223 |       8 |   3.5 |      72 |       4 |   5.3
            +---------+---------+-------+---------+---------+-------
        D:1 |      49 |       0 |   0.0 |      27 |       0 |   0.0
        D:2 |      63 |       0 |   0.0 |      20 |       0 |   0.0
        D:3 |     109 |       8 |   6.8 |      23 |       4 |  14.8
        D:4 |       2 |       0 |   0.0 |       2 |       0 |   0.0
            +---------+---------+-------+---------+---------+-------

Skill      XL: |  1  2  3  4 |
---------------+-------------+-----
Axes           | 3 4 5 |  5.4
Fighting       | |  3.2
Armour         | |  3.2
Shields        | |  4.0

Action                     |  1- 3 |  4- 6 || total
---------------------------+-------+-------++-------
  Melee: War axe           |    69 |    91 ||   160
    Use: Scroll            |       |     8 ||     8
         Potion            |       |     1 ||     1
 Armour: Scale mail        |    44 |    59 ||   103
  Dodge: Dodged            |    34 |    47 ||    81
  Block: Buckler           |    20 |    24 ||    44

Illustrated notes

Table legend:
 A = Kills in this place as a percentage of kills in the entire game.
 B = Kills by you in this place as a percentage of kills by you in the entire game.
 C = Kills by friends in this place as a percentage of kills by friends in the entire game.
 D = Other kills in this place as a percentage of other kills in the entire game.
 E = Experience gained in this place as a percentage of experience gained in the entire game.
 F = Experience gained in this place divided by the number of levels of this place that you have seen.
                   A       B       C       D       E      F
               +-------+-------+-------+-------+-------+----------------------
         Total | 100.0 | 100.0 |   N/A |   N/A | 100.0 |  57.8
       Dungeon | 100.0 | 100.0 |   N/A |   N/A | 100.0 |  57.8
               +-------+-------+-------+-------+-------+----------------------

Table legend: (Time is in decaauts)
 A = Elapsed time spent in this place.
 B = Non-inter-level travel time spent in this place.
 C = Inter-level travel time spent in this place.
 D = Time resting spent in this place.
 E = Time spent auto-exploring this place.
 F = Levels seen in this place.
 G = Mean time per level.
                   A        B        C        D        E       F      G
               +--------+--------+--------+--------+--------+-----+--------+
         Total |   2578 |   2451 |    127 |      0 |   1949 |   4 |  644.5 |
       Dungeon |   2578 |   2451 |    127 |      0 |   1949 |   4 |  644.5 |
               +--------+--------+--------+--------+--------+-----+--------+

Top non-repeatable levels by time:
     D:1: 915 daAuts
     D:3: 811 daAuts
     D:2: 790 daAuts
     D:4: 62 daAuts
